Map: 에버 드림 - 래더

Players

Zest - Winner!

  • Race: Protoss Protoss
  • Spawn Location: 1:00

GOStephano (Stephano)

  • Race: Zerg Zerg
  • Spawn Location: 7:00

Event: StayAtHomestory Cup #2

VOD

Have the link to the VOD?

Description

Time

  • Played on: June 11, 2020, 5:34 a.m.
  • Length: 5:06

All games in this series

Show
View Real Time Build Order
Export as new Build Order

Zest Protoss - Winner!

Build Orders: 1 Gate Expand, Dark Templar Rush 

Get SALT Encoding   

  12  0:00  Probe  
  13  0:13  Probe  
  14  0:18  Pylon  
  14  0:25  Probe  
  15  0:33  Probe  
  15  0:41  Probe, Gateway  
  16  0:49  Assimilator  
  17  0:51  Probe  
  18  1:03  Probe  
  19  1:15  Probe  
  20  1:25  Nexus  
  20  1:35  Cybernetics Core  
  20  1:38  Probe  
  21  1:42  Assimilator  
  21  1:50  Probe  
  21  1:52  Pylon  
  22  2:00  Probe  
  22  2:01  Adept  
  22  2:08  Probe  
  23  2:11  Warp Gate  
  26  2:16  Probe  
  27  2:24  Twilight Council  
  27  2:25  Stalker  
  27  2:29  Probe  
  30  2:38  Probe  
  30  2:41  Probe  
  32  2:50  Probe  
  33  2:52  Robotics Facility  
  33  2:55  Probe  
  34  3:02  Probe  
  35  3:07  Probe  
  35  3:08  Gateway  
  36  3:14  Probe  
  36  3:15  Dark Shrine  
  36  3:19  Adept  
  39  3:21  Probe  
  40  3:28  Gateway  
  40  3:29  Warp Prism  
  40  3:35  Probe  
  43  3:44  Pylon  
  43  3:47  Assimilator  
  43  3:48  Probe  
  43  3:50  Probe  
  45  3:58  Pylon  
  45  4:02  Probe  
  46  4:03  Adept x2  
  46  4:05  Probe  
  51  4:14  Probe  
  52  4:17  Probe, Assimilator  
  53  4:26  Probe  
  53  4:29  Probe  
  55  4:34  Dark Templar x3  
  61  4:39  Probe  
  61  4:44  Probe  
  62  4:51  Probe  
Show
View Real Time Build Order
Export as new Build Order

GOStephano Zerg 

Build Orders: Hatch First 

Get SALT Encoding   

  12  0:00  Drone  
  13  0:12  Overlord  
  13  0:17  Drone  
  14  0:30  Drone  
  15  0:42  Drone  
  16  0:50  Hatchery  
  16  0:52  Drone  
  16  0:56  Drone  
  17  0:58  Drone  
  18  1:10  Extractor  
  17  1:15  Spawning Pool  
  16  1:19  Drone  
  16  1:20  Drone  
  18  1:29  Drone  
  19  1:39  Drone  
  20  1:49  Overlord  
  20  2:02  Queen x2  
  20  2:04  Zergling x2  
  20  2:06  Drone  
  26  2:13  Zergling x2  
  26  2:14  Drone  
  28  2:21  Metabolic Boost  
  28  2:29  Hatchery  
  27  2:35  Drone  
  27  2:36  Drone  
  29  2:41  Queen  
  31  2:49  Drone x2  
  33  2:52  Overlord  
  33  2:56  Drone  
  33  2:57  Drone  
  35  3:01  Drone  
  36  3:11  Drone x2  
  36  3:12  Drone x2  
  40  3:20  Drone x2  
  40  3:26  Queen  
  44  3:27  Overlord  
  44  3:29  Spore Crawler  
  43  3:36  Extractor, Overlord  
  43  3:38  Roach Warren  
  43  3:40  Drone  
  42  3:43  Drone x2  
  42  3:47  Drone x2  
  47  3:51  Zergling x4  
  47  3:54  Overlord  
  49  3:57  Drone  
  49  3:58  Drone x2  
  49  4:00  Drone  
  53  4:08  Overlord  
  53  4:18  Roach x5  
  53  4:20  Zergling x2  
  53  4:23  Zergling x4  
  66  4:28  Zergling x6  
  66  4:29  Zergling x2  
  70  4:42  Roach x2  
  70  4:44  Spore Crawler  
  69  4:56  Spore Crawler  
  67  5:02  Spore Crawler  
Tags
 
Add a new tag
Caveats
  • Supply blocks, unpowered buildings, or Contaminate may cause inaccurate times.
  • Supply counts are checked every 10 seconds.